 Dungeon Crawl Stone Soup version 0.30.0-11-gf55b779eaf (webtiles) character file.

Game seed: 3124299071191437386

89 booth the Conjurer (level 4, -2/33 (34) HPs)
             Began as a Demonspawn Reaver on May 17, 2023.
             Slain by a gnoll
             ... wielding a +0 flail
              (9 damage)
             ... on level 2 of the Dungeon.
             The game lasted 00:09:10 (1695 turns).

booth the Conjurer (Demonspawn Reaver)              Turns: 1695, Time: 00:09:11

HP:   -2/33 (34)    AC:  3    Str: 15    XL:     4   Next: 31%
MP:   4/7           EV: 11    Int: 14    God:
Gold: 86            SH:  0    Dex: 11    Spells: 4/7 levels left

rFire   . . .        a - +0 hand axe
rCold   . . .        (no shield)
rNeg    . . .        b - +0 leather armour
rPois   .            (no helmet)
rElec   .            (no cloak)
rCorr   .            (no gloves)
SInv    .            (no boots)
Will    .....        (no amulet)
Stlth   +            (no ring)
HPRegen 0.25/turn    (no ring)
MPRegen 0.10/turn

%: no passive effects
@: immotile, very slightly contaminated, lightly drained
A: claws 1, powered by pain 1
a: no special abilities


You were on level 2 of the Dungeon.
You visited 1 branch of the dungeon, and saw 2 of its levels.

You collected 86 gold pieces.

Inventory:

Hand Weapons
 a - a +0 hand axe (weapon)
 h - a +0 quarterstaff
 i - a +0 mace
Armour
 b - a +0 leather armour (worn)
Scrolls
 e - a scroll of vulnerability {unknown}
Potions
 c - 2 potions of curing
 d - a potion of berserk rage {unknown}
 f - 2 potions of haste {unknown}
 g - 2 potions of heal wounds {unknown}


   Skills:
 + Level 2.6 Fighting
 + Level 3.1 Axes
 + Level 2.2 Dodging
 + Level 2.3 Spellcasting
 + Level 3.3 Conjurations
 + Level 1.2 Necromancy
 + Level 1.0 Translocations


You had 4 spell levels left.
You knew the following spells:

 Your Spells              Type           Power      Damage    Failure   Level
a - Kiss of Death         Conj/Necr      32%        2d7       11%         1
b - Momentum Strike       Conj/Tloc      14%        3d8       17%         2

Your spell library contained the following spells:

 Spells                   Type           Power      Damage    Failure   Level
 Hailstorm                Conj/Ice       6%         3d4       38%         3
 Gell's Gravitas          Tloc           4%         N/A       50%         3
 Teleport Other           Tloc           4%         N/A       50%         3
 Dispersal                Tloc           2%         N/A       100%        6


Dungeon Overview and Level Annotations

Branches:
Dungeon (2/15)

Altars:

Shops:
D:2 [


Innate Abilities, Weirdness & Mutations

You have sharp fingernails.
You sometimes gain a little power by taking damage.


Message History

Found 7 gold pieces.
Found a quarterstaff.
Found a stone staircase leading down.
You see here a +0 quarterstaff.
h - a +0 quarterstaff
There is a stone staircase leading down here.
Found a mace.
A gnoll comes into view. It is wielding a +0 flail.
The gnoll shouts!
A kobold and a gnoll come into view.
The kobold shouts!
The kobold moves out of view.
You see here a +0 mace.
i - a +0 mace A gnoll comes into view. It is wielding a +0 club.
Casting: Momentum Strike (safe; 17% risk of failure)
Confirm with . or Enter, or press ? or * to list all spells.
Aiming: Momentum Strike (safe; 17% risk of failure)
Press: ? - help, Dir - move target, f - gnoll
Aim: a gnoll, wielding a +0 spear (72% to hit)
The concentrated momentum hits the gnoll!
The gnoll is almost dead.
You are unable to move.
You barely miss the gnoll. The gnoll hits you with a +0 flail!
You closely miss the gnoll.
The gnoll hits you from afar with a +0 spear!
The gnoll hits you with a +0 flail.
* * * LOW HITPOINT WARNING * * *
You cannot move.
Casting: Momentum Strike (safe; 17% risk of failure)
Confirm with . or Enter, or press ? or * to list all spells.
Aiming: Kiss of Death (safe; 11% risk of failure)
Press: ? - help, Shift-Dir - straight line, f - gnoll, p - gnoll
Aim: a gnoll, wielding a +0 flail (100% to hit)
You miscast Kiss of Death.
You are very lightly contaminated with residual magic.
Nothing appears to happen.
The gnoll hits you from afar with a +0 spear.
* * * LOW HITPOINT WARNING * * *
The gnoll hits you with a +0 flail!
You die...

.......>......#
#####.......#.######
#.......#......#
#.......######.## #.......#
#..# #.......## ##.##
######..#..## #..#
#...........######.######## ##
#....#.#......@ggK.g......####≈
#....#.....########.....#.+..∩.
###.#........ #.....# #####
#.#......... #.....# #..
#.#......... #g....# #..
#.#......... #K....# #..
#####.#.....$.. #......# #..
......# #### .g......# ###
.......# g.....#.#


You could see 3 gnolls and a kobold.

Vanquished Creatures
  4 gnolls (D:2)
  An adder (D:2)
  2 dart slugs (D:1)
  2 bats (D:2)
  3 endoplasms (D:1)
  2 giant cockroaches (D:1)
  3 goblins
  4 hobgoblins
  3 kobolds
  5 quokkas
  2 ball pythons (D:1)
  3 frilled lizards (D:1)
  A rat (D:1)
35 creatures vanquished.

Notes
Turn   | Place    | Note
-------+----------+-------------------------------------------
     0 | D:1      | booth the Demonspawn Reaver began the quest for the Orb.
     0 | D:1      | Reached XP level 1. HP: 16/16 MP: 3/3
   342 | D:1      | Gained mutation: You have sharp fingernails. [demonic
                  | ancestry]
   342 | D:1      | Reached XP level 2. HP: 14/22 MP: 5/5
   345 | D:1      | Learned a level 2 spell: Momentum Strike
   703 | D:1      | Reached XP level 3. HP: 28/28 MP: 6/6
   951 | D:2      | Found Hicweot's Armour Shop.
  1206 | D:2      | Reached skill level 1 in Necromancy
  1207 | D:2      | HP: 1/25 [gnoll/+0 club (4)]
  1209 | D:2      | Gained mutation: You sometimes gain a little power by
                  | taking damage. [demonic ancestry]
  1209 | D:2      | Reached XP level 4. HP: 2/32 MP: 1/7
  1507 | D:2      | Reached skill level 1 in Translocations
  1695 | D:2      | Slain by a gnoll

Illustrated notes

Levels and vault maps discovered:
D:1:      sevenhm_arrival_forest_fort_small_3, layout_basic
D:2:      layout_basic, serial_shops, nicolae_shop_hallway_stairs,
          kennysheep_cross_room

Skill      XL: |  1  2  3  4 |
---------------+-------------+-----
Dodging        | 2 |  2.2
Axes           | 3 |  3.1
Necromancy     | 1 |  1.2
Translocations | 1 |  1.0
Fighting       | |  2.6
Spellcasting   | |  2.3
Conjurations   | |  3.3

Action                     |  1- 3 |  4- 6 || total
---------------------------+-------+-------++-------
  Melee: Hand axe          |   121 |    25 ||   146
         Punch             |       |     1 ||     1
   Cast: Momentum Strike   |     1 |     1 ||     2
         Kiss of Death     |     1 |       ||     1
    Use: Scroll            |     1 |       ||     1
   Stab: Sleeping          |     1 |       ||     1
 Armour: Leather armour    |    22 |     8 ||    30
  Dodge: Dodged            |    65 |    17 ||    82
